[Event "42nd Olympiad Baku 2016 Women"]
[Site "Baku"]
[Date "2016.09.03"]
[Round "2.10"]
[White "Franco Valencia, Beatriz Irene"]
[Black "Havlikova, Kristyna"]
[Result "1/2-1/2"]
[ECO "D80"]
[WhiteElo "2183"]
[BlackElo "2271"]
[Annotator ""]
[PlyCount "84"]
[EventDate "2016.??.??"]
[EventCountry "AZE"]
[SourceTitle "playchess.com"]
[Source "ChessBase"]
[WhiteTeam "Colombia"]
[BlackTeam "Czech Republic"]
[WhiteTeamCountry "COL"]
[BlackTeamCountry "CZE"]
[TimeControl "40/5400+30:1800+30"]

1. d4 {(00:00)} Nf6 {(00:00)} 2. c4 {(00:00)} g6 {(
00:00)} 3. Nc3 {(00:00)} d5 {(00:00)} 4. e3 {(00:06)} Bg7
{(00:13)} 5. cxd5 {(00:17)} Nxd5 {(00:08)} 6. Nxd5 {
(00:03)} Qxd5 {(00:08)} 7. Ne2 {(00:02)} O-O {(01:
32)} 8. Nc3 {(00:05)} Qd6 {(00:17)} 9. Be2 {(01:19)} c6 {
(00:32)} 10. O-O {(01:09)} Nd7 {(02:25)} 11. Qc2 {(
01:50)} Nb6 {(07:01)} 12. Rd1 {(04:26)} Rd8 {(08:26)} 13.
b3 {(12:32)} Nd5 {(18:08)} 14. Bb2 {(04:13)} Nxc3 {
(02:00)} 15. Bxc3 {(02:21)} Be6 {(00:05)} 16. Rac1 {
(06:12)} f5 {(03:49)} 17. b4 {(11:12)} a6 {(02:16)}
18. a4 {(04:43)} Bd5 {(00:22)} 19. Rb1 {(13:00)} Kh8 {
(04:31)} 20. Bd3 {(04:14)} Qe6 {(08:44)} 21. Rb2 {(
04:35)} Rac8 {(12:38)} 22. Qe2 {(02:05)} b5 {(06:02)} 23.
a5 {(02:14)} Qf7 {(06:26)} 24. f3 {(06:44)} Rd6 {(
03:38)} 25. e4 {(04:48)} fxe4 {(00:28)} 26. fxe4 {(00:13)}
Be6 {(00:03)} 27. e5 {(05:09)} Rd7 {(01:11)} 28. Rf1 {
(00:08)} Qg8 {(00:03)} 29. Rc2 {(00:58)} Bd5 {(02:
59)} 30. Bb2 {(00:35)} Rf8 {(00:50)} 31. Qe3 {(03:34)}
Rxf1+ {(00:50)} 32. Bxf1 {(00:16)} Rd8 {(00:54)} 33. Qg5 {
(03:14)} Qe6 {(01:32)} 34. Rf2 {(00:40)} Rf8 {(00:
52)} 35. Rxf8+ {(00:13)} Bxf8 {(00:02)} 36. Qf4 {(01:39)}
Kg8 {(00:25)} 37. Be2 {(00:11)} Qf7 {(06:21)} 38. Bc1 {
(00:26)} Qxf4 {(01:27)} 39. Bxf4 {(00:04)} Kf7 {(
00:28)} 40. Kf2 {(00:00)} Be4 {(00:00)} 41. Bg4 {(03:29)}
e6 {(04:16)} 42. Bd2 {(00:05)} Be7 {(00:53)} 1/2-1/2

[Event "42nd Olympiad Baku 2016 Women"]
[Site "Baku"]
[Date "2016.09.03"]
[Round "2.19"]
[White "Fransson, Angelina"]
[Black "De Seroux, Camille"]
[Result "1-0"]
[ECO "B31"]
[WhiteElo "1996"]
[BlackElo "2101"]
[Annotator ""]
[PlyCount "91"]
[EventDate "2016.??.??"]
[EventCountry "AZE"]
[SourceTitle "playchess.com"]
[Source "ChessBase"]
[WhiteTeam "Sweden"]
[BlackTeam "Switzerland"]
[WhiteTeamCountry "SWE"]
[BlackTeamCountry "SUI"]
[TimeControl "40/5400+30:1800+30"]

1. e4 {(00:00)} c5 {(00:00)} 2. Nf3 {(00:00)} Nc6 {
(00:00)} 3. Bb5 {(00:00)} g6 {(00:13)} 4. O-O {(00:
30)} Bg7 {(00:14)} 5. c3 {(01:13)} Nf6 {(00:33)} 6. Re1 {
(00:09)} O-O {(00:19)} 7. d4 {(00:43)} cxd4 {(00:
19)} 8. cxd4 {(00:07)} d5 {(00:27)} 9. e5 {(01:06)} Ne4 {
(00:13)} 10. Nbd2 {(05:23)} Qb6 {(01:29)} 11. Bxc6 {
(09:59)} Qxc6 {(00:08)} 12. Qe2 {(00:52)} Rd8 {(39:
07)} 13. Nxe4 {(04:06)} dxe4 {(00:06)} 14. Qxe4 {(00:29)}
Qxe4 {(00:37)} 15. Rxe4 {(00:07)} Bf5 {(02:17)} 16. Re1 {
(00:44)} Bg4 {(02:03)} 17. Be3 {(00:30)} f6 {(10:
30)} 18. exf6 {(05:36)} exf6 {(02:14)} 19. Nd2 {(00:58)}
Rd7 {(05:08)} 20. h3 {(12:09)} Be6 {(02:40)} 21. a3 {
(07:59)} Bd5 {(07:55)} 22. Rad1 {(04:19)} b6 {(06:
23)} 23. Nb1 {(11:10)} f5 {(04:01)} 24. Rd2 {(09:33)} Rf8
{(05:46)} 25. Bf4 {(03:16)} Be4 {(01:30)} 26. Be5 {
(04:47)} Rfd8 {(01:17)} 27. Rde2 {(00:35)} Bh6 {(
05:16)} 28. f4 {(01:13)} g5 {(00:39)} 29. Nc3 {(07:58)}
Bb7 {(01:06)} 30. Bf6 {(00:32)} Rf8 {(01:09)} 31. fxg5 {
(00:12)} Bg7 {(00:50)} 32. Re7 {(02:39)} Rf7 {(00:
56)} 33. Re8+ {(02:40)} Rf8 {(00:13)} 34. Rxf8+ {(00:45)}
Kxf8 {(00:23)} 35. Be5 {(00:24)} h6 {(00:55)} 36. Rf1 {
(00:43)} hxg5 {(00:25)} 37. Rxf5+ {(00:13)} Ke8 {(
00:21)} 38. Rxg5 {(01:07)} Bh6 {(00:11)} 39. Rg3 {(00:45)}
Bc1 {(00:29)} 40. Nb5 {(00:00)} Bc6 {(00:00)} 41. Nd6+ {
(07:10)} Ke7 {(03:04)} 42. Rc3 {(00:17)} Bxg2 {(03:
28)} 43. Rxc1 {(05:10)} Bxh3 {(00:07)} 44. Rc3 {(01:44)}
Be6 {(00:25)} 45. Ne4 {(01:08)} Bd5 {(00:13)} 46. Nf6 {
(00:22)} 1-0

[Event "42nd Olympiad Baku 2016 Women"]
[Site "Baku"]
[Date "2016.09.03"]
[Round "2.7"]
[White "Fredericia, Louise"]
[Black "Nikolova, Adriana"]
[Result "1-0"]
[ECO "B01"]
[WhiteElo "2117"]
[BlackElo "2358"]
[Annotator ""]
[PlyCount "85"]
[EventDate "2016.??.??"]
[EventCountry "AZE"]
[SourceTitle "playchess.com"]
[Source "ChessBase"]
[WhiteTeam "Denmark"]
[BlackTeam "Bulgaria"]
[WhiteTeamCountry "DEN"]
[BlackTeamCountry "BUL"]
[TimeControl "40/5400+30:1800+30"]

1. e4 {(00:00)} d5 {(00:00)} 2. exd5 {(00:05)} Qxd5 {
(00:00)} 3. Nc3 {(00:24)} Qd8 {(00:00)} 4. d4 {(01:
29)} Nf6 {(00:00)} 5. Nf3 {(03:00)} a6 {(00:13)} 6. g3 {
(01:53)} b5 {(02:09)} 7. Bg2 {(02:50)} Bb7 {(00:05]
} 8. a3 {(05:22)} e6 {(03:29)} 9. O-O {(01:50)} Nbd7 {
(03:40)} 10. Ne5 {(02:35)} Bxg2 {(07:06)} 11. Kxg2 {
(00:46)} Nb6 {(06:12)} 12. Qf3 {(10:43)} Nbd5 {(15:
19)} 13. Bg5 {(05:21)} h6 {(08:49)} 14. Ne4 {(09:52)} Be7
{(14:06)} 15. Nc6 {(20:37)} Qd7 {(00:14)} 16. Nxe7 {
(02:27)} hxg5 {(11:45)} 17. Nxd5 {(05:05)} exd5 {(
13:54)} 18. Nxf6+ {(00:35)} gxf6 {(00:04)} 19. Rae1+ {(01:
06)} Kf8 {(00:50)} 20. h4 {(08:23)} Kg7 {(03:03)} 21. Rh1
{(00:41)} Rag8 {(03:12)} 22. hxg5 {(03:26)} fxg5 {(
01:08)} 23. Rh5 {(08:10)} f6 {(00:51)} 24. Reh1 {(00:17)}
c6 {(02:11)} 25. Rxh8 {(00:44)} Rxh8 {(00:03)} 26. Rxh8 {
(00:08)} Kxh8 {(00:02)} 27. Qxf6+ {(00:09)} Kh7 {(
00:16)} 28. Qxg5 {(00:13)} Qe6 {(01:06)} 29. Qe3 {(01:21)}
Qd7 {(01:34)} 30. Qe5 {(00:49)} a5 {(01:06)} 31. f4 {
(01:00)} b4 {(02:17)} 32. axb4 {(00:05)} axb4 {(00:
04)} 33. f5 {(01:07)} b3 {(00:58)} 34. cxb3 {(00:08)} Qb7
{(00:12)} 35. Qe3 {(01:27)} c5 {(00:55)} 36. dxc5 {
(02:02)} d4+ {(00:06)} 37. Qf3 {(00:05)} Qb4 {(00:
54)} 38. Qh5+ {(00:43)} Kg7 {(00:31)} 39. Qg5+ {(00:11)}
Kf7 {(00:27)} 40. Qg6+ {(00:00)} Kf8 {(00:00)} 41. f6 {
(05:56)} Qb7+ {(05:39)} 42. Kf2 {(00:41)} d3 {(01:
25)} 43. Qg7+ {(00:10)} 1-0

[Event "42nd Olympiad Baku 2016 Women"]
[Site "Baku"]
[Date "2016.09.03"]
[Round "2.29"]
[White "Frick, Denise"]
[Black "shaikha Abdallah Aldhaheri"]
[Result "0-1"]
[ECO "B38"]
[WhiteElo "1803"]
[BlackElo "1495"]
[Annotator ""]
[PlyCount "76"]
[EventDate "2016.??.??"]
[EventCountry "AZE"]
[SourceTitle "playchess.com"]
[Source "ChessBase"]
[WhiteTeam "South Africa"]
[BlackTeam "United Arab Emirates"]
[WhiteTeamCountry "RSA"]
[BlackTeamCountry "UAE"]
[TimeControl "40/5400+30:1800+30"]

1. e4 {(00:00)} c5 {(00:00)} 2. Nf3 {(00:00)} g6 {(
00:00)} 3. c4 {(00:00)} Bg7 {(01:18)} 4. d4 {(00:23)} cxd4
{(05:20)} 5. Nxd4 {(00:16)} Nc6 {(00:44)} 6. Be3 {(
00:44)} d6 {(01:58)} 7. Nc3 {(02:18)} Nf6 {(01:26)} 8. Be2
{(01:45)} Bd7 {(02:11)} 9. Rc1 {(04:39)} O-O {(03:
42)} 10. Qd2 {(05:14)} Nxd4 {(06:19)} 11. Bxd4 {(02:02)}
Bc6 {(02:23)} 12. f3 {(02:23)} b6 {(20:59)} 13. O-O {
(09:40)} Rc8 {(03:46)} 14. b3 {(14:43)} Qd7 {(03:
26)} 15. Nd5 {(03:57)} Bxd5 {(05:24)} 16. cxd5 {(08:31)}
Qb7 {(12:12)} 17. g4 {(17:33)} Nd7 {(05:59)} 18. Bb5 {
(03:51)} Bxd4+ {(04:19)} 19. Qxd4 {(00:27)} Ne5 {(
00:38)} 20. Kg2 {(05:37)} a6 {(01:19)} 21. Be2 {(00:51)}
b5 {(04:12)} 22. h4 {(00:41)} Rc7 {(04:15)} 23. f4 {
(01:50)} Nd7 {(00:05)} 24. h5 {(04:04)} Qc8 {(03:
47)} 25. Rcd1 {(03:23)} Rc2 {(01:38)} 26. Rd2 {(00:33)}
Rxd2 {(00:34)} 27. Qxd2 {(00:06)} Nf6 {(00:28)} 28. hxg6 {
(02:03)} fxg6 {(00:28)} 29. e5 {(03:48)} Nxg4 {(01:
39)} 30. e6 {(01:42)} Nf6 {(00:42)} 31. f5 {(00:40)} Qc5 {
(03:00)} 32. fxg6 {(00:35)} hxg6 {(00:02)} 33. Bf3 {
(00:36)} Rc8 {(00:58)} 34. Qh6 {(00:51)} Qc2+ {(00:
21)} 35. Rf2 {(00:43)} Qf5 {(00:55)} 36. Be2 {(00:33)}
Qxd5+ {(00:37)} 37. Kf1 {(00:54)} Rc1+ {(00:39)} 38. Qxc1
{(00:21)} Qh1# {(00:05)} 0-1

[Event "42nd Olympiad Baku 2016 Women"]
[Site "Baku"]
[Date "2016.09.03"]
[Round "2.18"]
[White "Fronda, Jan Jodilyn"]
[Black "Khotenashvili, Bela"]
[Result "1-0"]
[ECO "C45"]
[WhiteElo "2128"]
[BlackElo "2463"]
[Annotator ""]
[PlyCount "93"]
[EventDate "2016.??.??"]
[EventCountry "AZE"]
[SourceTitle "playchess.com"]
[Source "ChessBase"]
[WhiteTeam "Philippines"]
[BlackTeam "Georgia"]
[WhiteTeamCountry "PHI"]
[BlackTeamCountry "GEO"]
[TimeControl "40/5400+30:1800+30"]

1. e4 {(00:07)} e5 {(00:00)} 2. Nf3 {(00:05)} Nc6 {
(00:00)} 3. d4 {(01:45)} exd4 {(00:00)} 4. Nxd4 {(
00:05)} Bc5 {(00:02)} 5. Nxc6 {(01:16)} Qf6 {(02:33)} 6.
Qf3 {(02:47)} bxc6 {(02:12)} 7. Nd2 {(02:41)} Qxf3 {
(01:32)} 8. gxf3 {(00:09)} a5 {(00:54)} 9. Nb3 {(
03:29)} Bb6 {(00:26)} 10. a4 {(00:10)} Ne7 {(02:17)} 11.
Be2 {(18:35)} d6 {(05:49)} 12. Be3 {(02:27)} Be6 {(
14:15)} 13. Nd4 {(06:45)} Bd7 {(02:53)} 14. O-O {(09:31)}
f5 {(08:32)} 15. Rfd1 {(03:20)} Rf8 {(02:50)} 16. exf5 {
(07:47)} Bxf5 {(02:12)} 17. Bg5 {(02:48)} Bxd4 {(
07:23)} 18. Rxd4 {(00:06)} h6 {(06:55)} 19. Bxe7 {(14:56)}
Kxe7 {(00:01)} 20. Re1 {(00:46)} Kd7 {(02:19)} 21. Bd3 {
(00:13)} Bxd3 {(09:23)} 22. Rxd3 {(00:07)} Rae8 {(
00:19)} 23. Rde3 {(02:45)} Rxe3 {(00:22)} 24. Rxe3 {(00:
05)} Rf4 {(04:23)} 25. b3 {(03:11)} c5 {(02:21)} 26. Kg2 {
(00:29)} c4 {(01:51)} 27. Kg3 {(01:07)} g5 {(02:30]
} 28. Re4 {(03:46)} cxb3 {(00:20)} 29. cxb3 {(00:04)} d5 {
(06:03)} 30. Rxf4 {(05:30)} gxf4+ {(00:01)} 31. Kxf4 {
(00:07)} Ke6 {(00:15)} 32. b4 {(01:34)} axb4 {(00:
20)} 33. Ke3 {(00:04)} b3 {(07:07)} 34. Kd2 {(00:34)} c5 {
(02:39)} 35. a5 {(00:11)} Kd7 {(01:00)} 36. Kc3 {(
00:51)} c4 {(00:12)} 37. a6 {(00:36)} d4+ {(02:00)} 38.
Kb2 {(00:07)} Kc7 {(01:53)} 39. f4 {(00:04)} Kb6 {(
00:46)} 40. f5 {(00:00)} Kxa6 {(00:00)} 41. f6 {(00:09)}
Kb5 {(01:37)} 42. f7 {(00:06)} Ka4 {(00:10)} 43. f8=Q {
(00:11)} c3+ {(00:12)} 44. Kb1 {(03:26)} d3 {(07:
16)} 45. Qa8+ {(00:39)} Kb4 {(00:35)} 46. Qe4+ {(00:06)}
Ka3 {(00:21)} 47. Qxd3 {(00:22)} 1-0

[Event "42nd Olympiad Baku 2016 Women"]
[Site "Baku"]
[Date "2016.09.03"]
[Round "2.28"]
[White "Fukuya, Natsumi"]
[Black "Walta, Paivi"]
[Result "0-1"]
[ECO "B38"]
[WhiteElo "1636"]
[BlackElo "1735"]
[Annotator ""]
[PlyCount "126"]
[EventDate "2016.??.??"]
[EventCountry "AZE"]
[SourceTitle "playchess.com"]
[Source "ChessBase"]
[WhiteTeam "Japan"]
[BlackTeam "Finland"]
[WhiteTeamCountry "JPN"]
[BlackTeamCountry "FIN"]
[TimeControl "40/5400+30:1800+30"]

1. e4 {(00:00)} c5 {(00:00)} 2. Nf3 {(00:00)} g6 {(
00:00)} 3. d4 {(00:00)} Bg7 {(00:02)} 4. c4 {(00:16)} cxd4
{(00:28)} 5. Nxd4 {(00:14)} Nc6 {(00:17)} 6. Be3 {(
01:22)} d6 {(01:17)} 7. Be2 {(01:43)} Nf6 {(00:42)} 8. Nc3
{(00:13)} O-O {(00:29)} 9. O-O {(00:33)} Bd7 {(01:
18)} 10. Qd2 {(02:14)} Rc8 {(04:04)} 11. f3 {(06:05)} a6 {
(19:36)} 12. b3 {(18:01)} Qa5 {(04:00)} 13. Rac1 {(
12:44)} Ne8 {(10:30)} 14. Nxc6 {(14:59)} bxc6 {(01:24)}
15. Nd5 {(09:29)} Qxd2 {(00:39)} 16. Nxe7+ {(00:07)} Kh8 {
(00:06)} 17. Bxd2 {(00:09)} Ra8 {(00:51)} 18. c5 {(
05:42)} dxc5 {(06:20)} 19. Be3 {(01:45)} Nc7 {(07:19)} 20.
Rxc5 {(08:35)} Ne6 {(00:29)} 21. Rc2 {(04:09)} c5 {
(06:10)} 22. Nd5 {(02:37)} Bb5 {(00:36)} 23. Bc4 {(
03:11)} Nd4 {(02:09)} 24. Bxd4 {(00:16)} Bxd4+ {(00:10)}
25. Kh1 {(00:06)} Ra7 {(03:29)} 26. Re1 {(01:23)} Re8 {
(02:34)} 27. Rce2 {(01:35)} f6 {(02:28)} 28. g3 {(
00:47)} Kg7 {(06:39)} 29. Kg2 {(00:43)} Bc6 {(02:45)} 30.
Ne3 {(01:48)} h5 {(02:09)} 31. Nd5 {(00:29)} a5 {(
02:25)} 32. Rd1 {(01:35)} a4 {(00:32)} 33. b4 {(01:32)} a3
{(01:50)} 34. bxc5 {(00:58)} Bxc5 {(00:07)} 35. Rb1 {
(01:09)} Bd4 {(01:03)} 36. Rd2 {(00:24)} Bb2 {(00:
17)} 37. Kf1 {(00:32)} Rb7 {(02:55)} 38. Ne3 {(00:41)} f5
{(01:28)} 39. Rbd1 {(00:47)} fxe4 {(00:29)} 40. fxe4 {
(00:00)} Rxe4 {(00:00)} 41. Bd5 {(04:48)} Rxe3 {(
04:53)} 42. Bxc6 {(00:17)} Rf7+ {(00:08)} 43. Kg2 {(00:32]
} Kh6 {(01:37)} 44. Rf2 {(02:53)} Rfe7 {(01:40)} 45. Rdd2
{(02:18)} Re1 {(03:32)} 46. Bd5 {(00:39)} Bc1 {(00:
58)} 47. Rc2 {(01:26)} R7e5 {(06:29)} 48. Bb3 {(03:28)}
Bg5 {(01:07)} 49. Rc8 {(05:27)} Re8 {(06:08)} 50. Rc6 {
(03:32)} R8e7 {(05:30)} 51. h4 {(04:17)} Be3 {(01:
46)} 52. Rf8 {(03:06)} Bd4 {(01:15)} 53. Rc2 {(01:02)}
Rg1+ {(04:14)} 54. Kh2 {(01:39)} Ree1 {(00:28)} 55. Bd5 {
(01:08)} Be5 {(00:26)} 56. Rf3 {(01:53)} Rh1+ {(00:
15)} 57. Kg2 {(00:08)} Reg1+ {(00:20)} 58. Kf2 {(00:23)}
Bd4+ {(00:10)} 59. Ke2 {(00:25)} Rh2+ {(00:50)} 60. Kd3 {
(00:18)} Rd1+ {(00:10)} 61. Kc4 {(01:26)} Rxc2+ {(
00:07)} 62. Kb4 {(00:29)} Bc5+ {(00:32)} 63. Ka4 {(00:19)}
Rxd5 0-1

[Event "42nd Olympiad Baku 2016 Women"]
[Site "Baku"]
[Date "2016.09.03"]
[Round "2.7"]
[White "Gara, Ticia"]
[Black "Varela La Madrid, Tilsia Carolina"]
[Result "1-0"]
[ECO "A06"]
[WhiteElo "2379"]
[BlackElo "2035"]
[Annotator ""]
[PlyCount "49"]
[EventDate "2016.??.??"]
[EventCountry "AZE"]
[SourceTitle "playchess.com"]
[Source "ChessBase"]
[WhiteTeam "Hungary"]
[BlackTeam "Venezuela"]
[WhiteTeamCountry "HUN"]
[BlackTeamCountry "VEN"]
[TimeControl "40/5400+30:1800+30"]

1. Nf3 {(00:00)} d5 {(00:00)} 2. g3 {(00:00)} Nf6 {
(01:33)} 3. Bg2 {(00:13)} c5 {(02:06)} 4. O-O {(00:
57)} Nc6 {(00:40)} 5. d4 {(00:25)} e6 {(03:17)} 6. c4 {
(00:46)} dxc4 {(01:05)} 7. dxc5 {(00:35)} Qxd1 {(
00:51)} 8. Rxd1 {(00:03)} Bxc5 {(00:20)} 9. Nbd2 {(00:48)}
Ng4 {(05:49)} 10. Ne4 {(04:28)} Be7 {(02:33)} 11. h3 {
(15:40)} Nf6 {(04:11)} 12. Ned2 {(07:38)} c3 {(02:
05)} 13. bxc3 {(00:05)} Nd5 {(00:06)} 14. Bb2 {(02:59)}
Bf6 {(01:07)} 15. Ne4 {(01:45)} Be7 {(03:31)} 16. c4 {
(02:46)} Nf6 {(03:40)} 17. Nd6+ {(02:06)} Bxd6 18. Rxd6
Ne4 {(05:34)} 19. Rdd1 {(06:04)} f6 {(03:27)} 20. Nd4 {
(04:52)} Nxd4 {(00:35)} 21. Rxd4 {(09:47)} Ng5 {(
02:19)} 22. Rad1 {(04:12)} O-O {(01:54)} 23. Ba3 {(05:03)}
e5 {(06:34)} 24. Rd8 {(02:30)} Be6 {(13:12)} 25. Bxf8 {
(00:54)} 1-0

[Event "42nd Olympiad Baku 2016 Women"]
[Site "Baku"]
[Date "2016.09.03"]
[Round "2.16"]
[White "Garcia Morales, Ivette Ale"]
[Black "Kazimova, Narmin"]
[Result "1/2-1/2"]
[ECO "A47"]
[WhiteElo "2006"]
[BlackElo "2302"]
[Annotator ""]
[PlyCount "108"]
[EventDate "2016.??.??"]
[EventCountry "AZE"]
[SourceTitle "playchess.com"]
[Source "ChessBase"]
[WhiteTeam "Mexico"]
[BlackTeam "Azerbaijan"]
[WhiteTeamCountry "MEX"]
[BlackTeamCountry "AZE"]
[TimeControl "40/5400+30:1800+30"]

1. d4 {(00:00)} Nf6 {(00:00)} 2. Nf3 {(00:00)} b6 {
(01:42)} 3. g3 {(00:00)} Bb7 {(00:59)} 4. Bg2 {(00:
00)} g6 {(01:51)} 5. O-O {(00:25)} Bg7 {(00:12)} 6. c4 {
(01:24)} O-O {(01:52)} 7. Nc3 {(01:39)} Ne4 {(02:
11)} 8. Nxe4 {(07:11)} Bxe4 {(00:07)} 9. Bf4 {(06:59)} Nc6
{(08:38)} 10. Qd2 {(03:56)} Bxf3 {(22:31)} 11. Bxf3 {
(00:13)} Bxd4 {(00:07)} 12. Rad1 {(01:13)} Bg7 {(
12:58)} 13. b3 {(22:37)} e5 {(18:51)} 14. Bg5 {(04:27)}
Qc8 {(04:34)} 15. Qxd7 {(16:58)} Nd4 {(00:07)} 16. Qxc8 {
(01:53)} Raxc8 {(00:01)} 17. Kg2 {(11:07)} Rfe8 {(
03:17)} 18. e4 {(04:50)} h6 {(07:25)} 19. Bc1 {(04:01)} a5
{(05:39)} 20. Rd3 {(02:14)} Ra8 {(02:20)} 21. Rfd1 {
(02:15)} c5 {(02:40)} 22. a4 {(04:26)} Rad8 {(00:
50)} 23. h4 {(02:13)} Rd6 {(01:07)} 24. Be3 {(01:13)} Red8
{(00:45)} 25. Bxd4 {(00:30)} cxd4 {(01:04)} 26. h5 {
(00:24)} Rf8 {(00:34)} 27. hxg6 {(00:38)} fxg6 {(
00:01)} 28. Bg4 {(00:12)} h5 {(00:59)} 29. Bh3 {(00:12)}
Bh6 {(00:35)} 30. Rf3 {(00:44)} Rxf3 {(00:28)} 31. Kxf3 {
(00:13)} d3 {(00:32)} 32. Bc8 {(00:25)} d2 {(00:31]
} 33. Ke2 {(00:04)} Kf7 {(00:30)} 34. Bb7 {(00:59)} Rd4 {
(00:27)} 35. Bd5+ {(00:48)} Ke7 {(00:06)} 36. c5 {(
00:58)} bxc5 {(00:11)} 37. f3 {(00:14)} Rb4 {(01:17)} 38.
Bc4 {(00:23)} Rb8 {(00:25)} 39. Rh1 {(00:57)} Rd8 {
(00:21)} 40. Bd5 {(00:00)} Bg5 {(00:00)} 41. Rf1 {(
08:25)} Rf8 {(01:43)} 42. Rh1 {(00:48)} Kf6 {(06:10)} 43.
Bc4 {(01:59)} Kg7 {(00:25)} 44. Bd5 {(00:54)} Bh6 {
(00:32)} 45. Bc4 {(05:00)} Rf6 {(00:08)} 46. Bd5 {(
03:33)} g5 {(00:49)} 47. g4 {(08:05)} Rf4 {(11:49)} 48.
Be6 {(02:46)} Rf6 {(03:37)} 49. Bd5 {(00:23)} h4 {(
01:57)} 50. Rh3 {(00:37)} Kg6 {(01:52)} 51. Kxd2 {(00:10)}
Bf8 {(00:16)} 52. Kd3 {(01:53)} Rd6 {(04:06)} 53. Ke2 {
(00:16)} Rb6 {(01:36)} 54. Rh1 {(00:29)} Rb4 {(00:
26)} 1/2-1/2

[Event "42nd Olympiad Baku 2016 Women"]
[Site "Baku"]
[Date "2016.09.03"]
[Round "2.27"]
[White "Gevorgyan, Irina"]
[Black "Dierckens, Sarah"]
[Result "1-0"]
[ECO "A35"]
[WhiteElo "2324"]
[BlackElo "1830"]
[Annotator ""]
[PlyCount "129"]
[EventDate "2016.??.??"]
[EventCountry "AZE"]
[SourceTitle "playchess.com"]
[Source "ChessBase"]
[WhiteTeam "Uzbekistan"]
[BlackTeam "Belgium"]
[WhiteTeamCountry "UZB"]
[BlackTeamCountry "BEL"]
[TimeControl "40/5400+30:1800+30"]

1. Nf3 {(00:00)} Nf6 {(00:00)} 2. c4 {(00:00)} c5 {
(00:00)} 3. Nc3 {(00:00)} Nc6 {(00:16)} 4. g3 {(00:
00)} b6 {(02:26)} 5. Bg2 {(00:08)} Bb7 {(00:45)} 6. O-O {
(00:09)} g6 {(03:21)} 7. e4 {(10:40)} Bg7 {(01:41)}
8. h3 {(00:58)} d6 {(05:12)} 9. d3 {(00:33)} Nd7 {(
00:39)} 10. Be3 {(01:04)} O-O {(03:29)} 11. d4 {(07:54)}
cxd4 12. Nxd4 {(00:07)} Nce5 {(10:10)} 13. Qe2 {(00:17)}
Rc8 {(00:35)} 14. b3 {(00:24)} Nc5 {(06:16)} 15. Rfd1 {
(00:47)} Qd7 {(04:39)} 16. Rac1 {(03:57)} Nc6 {(04:
00)} 17. Nd5 {(23:04)} e6 {(12:04)} 18. Nc3 {(00:19)} f5 {
(02:31)} 19. Ndb5 {(05:22)} Be5 {(07:03)} 20. f4 {(
02:41)} Bxc3 {(04:22)} 21. Nxc3 {(00:20)} fxe4 {(05:00)}
22. Nxe4 {(02:51)} Nxe4 {(01:17)} 23. Bxe4 {(00:05)} Ne7 {
(07:04)} 24. Bxb7 {(04:01)} Qxb7 {(00:02)} 25. Bf2 {
(00:07)} e5 {(06:53)} 26. Rxd6 {(01:19)} Nf5 {(02:
06)} 27. Re6 {(03:26)} exf4 {(00:22)} 28. gxf4 {(05:09)}
Qf7 {(01:56)} 29. Rd1 {(06:57)} Rce8 {(04:07)} 30. Rxe8 {
(02:38)} Rxe8 {(00:01)} 31. Qf3 {(00:10)} Qg7 {(03:
16)} 32. Qc6 {(05:59)} Rf8 {(01:13)} 33. Qd5+ {(00:25)}
Kh8 {(01:20)} 34. Qe5 {(01:05)} Qxe5 {(01:00)} 35. fxe5 {
(00:06)} Re8 {(00:14)} 36. Rd7 {(04:30)} Re7 {(00:
01)} 37. Rd8+ {(00:51)} Kg7 {(00:10)} 38. Be1 {(00:40)}
Kf7 {(01:16)} 39. Bc3 {(00:07)} Ke6 {(00:53)} 40. Rc8 {
(00:00)} Rd7 {(00:00)} 41. Rc6+ {(10:51)} Ke7 {(02:
31)} 42. Bb4+ {(00:24)} Kd8 {(01:16)} 43. Rf6 {(00:19)} a5
{(06:17)} 44. Bd6 {(06:19)} Kc8 {(02:47)} 45. Kf2 {
(03:28)} Nxd6 {(03:21)} 46. exd6 {(00:09)} Kb7 {(
00:12)} 47. Ke3 {(00:22)} Kc6 {(00:09)} 48. Ke4 {(03:13)}
Rxd6 {(00:51)} 49. Ke5 {(00:10)} Rxf6 {(00:50)} 50. Kxf6 {
(00:05)} b5 {(06:54)} 51. Kg7 {(01:45)} bxc4 {(01:
18)} 52. bxc4 {(00:05)} Kc5 {(00:21)} 53. Kxh7 {(01:30)}
Kxc4 {(00:54)} 54. Kxg6 {(00:15)} Kb4 {(00:42)} 55. h4 {
(00:28)} Ka3 {(00:04)} 56. h5 {(00:15)} Kxa2 {(00:
06)} 57. h6 {(00:06)} a4 {(00:18)} 58. h7 {(00:07)} a3 {
(00:05)} 59. h8=Q {(00:06)} Kb1 {(00:37)} 60. Qb8+ {
(00:21)} Kc2 {(03:22)} 61. Qc7+ {(00:06)} Kb2 {(02:
07)} 62. Qb6+ {(00:13)} Kc3 {(02:02)} 63. Qa5+ {(00:17)}
Kb3 {(00:36)} 64. Qb5+ {(00:18)} Ka2 {(02:20)} 65. Qb4 {
(00:11)} 1-0

[Event "42nd Olympiad Baku 2016 Women"]
[Site "Baku"]
[Date "2016.09.03"]
[Round "2.12"]
[White "Girya, Olga"]
[Black "Bosch Garcia, Jacqueline"]
[Result "1-0"]
[ECO "E17"]
[WhiteElo "2452"]
[BlackElo "2011"]
[Annotator ""]
[PlyCount "65"]
[EventDate "2016.??.??"]
[EventCountry "AZE"]
[SourceTitle "playchess.com"]
[Source "ChessBase"]
[WhiteTeam "Russia"]
[BlackTeam "Ecuador"]
[WhiteTeamCountry "RUS"]
[BlackTeamCountry "ECU"]
[TimeControl "40/5400+30:1800+30"]

1. d4 {(00:00)} Nf6 {(00:00)} 2. c4 {(00:00)} e6 {(
00:00)} 3. Nf3 {(00:00)} b6 {(00:00)} 4. g3 {(00:00)} Bb7
{(00:36)} 5. Bg2 {(00:00)} Be7 {(06:38)} 6. O-O {(
00:12)} O-O {(01:42)} 7. Re1 {(00:14)} c5 {(01:16)} 8. d5
{(00:14)} exd5 {(13:52)} 9. Nh4 {(00:10)} Ne4 {(10:
31)} 10. cxd5 {(00:26)} Bxh4 {(00:35)} 11. Bxe4 {(00:04)}
Bf6 {(01:54)} 12. Nc3 {(00:27)} d6 {(01:40)} 13. Bg2 {
(00:44)} Re8 {(10:05)} 14. Bf4 {(02:18)} a6 {(06:
55)} 15. Ne4 {(04:28)} Be7 {(04:09)} 16. h4 {(06:37)} b5 {
(01:56)} 17. h5 {(03:12)} a5 {(11:28)} 18. h6 {(02:
56)} g6 {(01:04)} 19. Qd2 {(01:36)} b4 {(02:12)} 20. b3 {
(02:55)} Na6 {(01:25)} 21. Qb2 {(01:46)} f6 {(00:
08)} 22. Bxd6 {(06:55)} Bxd6 {(05:30)} 23. Nxf6+ {(00:06)}
Kf7 {(00:33)} 24. Nxe8 {(01:09)} Kxe8 {(00:02)} 25. Qh8+ {
(02:03)} Kd7 {(03:02)} 26. Qxh7+ {(00:06)} Qe7 {(
00:20)} 27. Qxg6 {(00:19)} Rf8 {(00:21)} 28. Rad1 {(03:20]
} Nc7 {(00:46)} 29. e4 {(00:53)} Rf6 {(04:59)} 30. Qg4+ {
(00:54)} Kd8 {(01:00)} 31. e5 {(00:35)} Bc8 {(01:
14)} 32. exf6 {(01:05)} Qxe1+ {(00:12)} 33. Rxe1 {(00:03)}
1-0